 Dungeon Crawl Stone Soup version 0.18-a0-1396-g8753ca6 (webtiles) character file.

80 Kidiri the Conjurer (level 4, -2/24 HPs)
             Began as a Deep Elf Conjurer on Feb 23, 2016.
             Slain by Grinder (10 damage)
             ... on level 3 of the Dungeon.
             The game lasted 00:13:13 (2862 turns).

Kidiri the Conjurer (Deep Elf Conjurer)             Turns: 2862, Time: 00:13:14

Health: -2/24      AC:  6    Str:  5    XL:     4   Next: 18%
Magic:  0/11       EV: 11    Int: 21    God:
Gold:   60         SH:  3    Dex: 15    Spells: 4 memorised, 0 levels left

rFire  . . .     SeeInvis .     e - +0 dagger
rCold  . . .     Gourm    .     r - +0 leather armour (curse)
rNeg   . . .     Faith    .     i - +0 buckler
rPois  .         Spirit   .     m - +0 hat
rElec  .         Dismiss  .     s - +0 cloak
rCorr  .         Reflect  .     n - +1 pair of gloves
SustAt .         Harm     .     (no boots)
MR     .....                    (no amulet)
Stlth  ++........               (no ring)
                                (no ring)

@: very slightly contaminated, not resistant to hostile enchantments, unstealthy
A: no striking features
a: no special abilities


You were on level 3 of the Dungeon.
You were not hungry.

You visited 1 branch of the dungeon, and saw 3 of its levels.

You collected 60 gold pieces.

Inventory:

Hand Weapons
 e - a +0 dagger (weapon)
 j - a +0 short sword
Missiles
 d - a throwing net (quivered)
Armour
 i - a +0 buckler (worn)
 m - a +0 hat (worn)
 n - a +1 pair of gloves (worn)
 p - a +0 steam dragon armour
 r - a cursed +0 leather armour (worn)
 s - a +0 cloak (worn)
Magical Staves
 k - an uncursed staff of fire
Scrolls
 l - 2 scrolls of recharging
 q - a scroll of amnesia
Potions
 g - 2 potions of curing
 h - a potion of might
Books
 b - a book of Conjurations

   Spells                             Type                      Level
   a - Magic Dart                     Conjuration                  1
   b - Searing Ray                    Conjuration                  2
   c - Dazzling Spray                 Conjuration/Hexes            3
   d - Fulminant Prism                Conjuration/Hexes            4
   e - Iskenderun's Mystic Blast      Conjuration                  4
   f - Iskenderun's Battlesphere      Conjuration/Charms           5
Comestibles
 c - 3 bread rations
 f - a meat ration
 o - a beef jerky
 t - 4 fruits


   Skills:
 + Level 0.7 Fighting
 + Level 0.6 Short Blades
 + Level 0.6 Staves
 + Level 0.7 Armour
 * Level 3.3 Dodging
 + Level 2.7 Stealth
 * Level 0.1 Shields
 * Level 3.5 Spellcasting
 * Level 4.7 Conjurations
 + Level 0.3 Hexes
 + Level 0.7 Evocations


You couldn't memorise any spells.
You knew the following spells:

 Your Spells              Type           Power        Failure   Level  Hunger
a - Magic Dart            Conj           ###.         6%          1    None
b - Searing Ray           Conj           ###...       10%         2    ##.....
c - Dazzling Spray        Conj/Hex       ##......     41%         3    ###....
d - Iskenderun's Mystic   Conj           ###.....     52%         4    ####...


Dungeon Overview and Level Annotations

Branches:
Dungeon (3/15)

Altars:
Cheibriados
Makhleb
Nemelex Xobeh
Pakellas
Sif Muna
Trog
Zin

Annotations:
D:3 Grinder


Message History

You closely miss Grinder.
Grinder is moderately wounded.
Grinder is no longer blind.
Grinder hits you.
You writhe in agony.
Unknown command.
Unknown command.
Casting: Magic Dart
Confirm with . or Enter, or press ? or * to list all spells.
Aiming: Dazzling Spray
Press: ? - help, Shift-Dir - straight line, f/p - Grinder
Aim: Grinder (moderately wounded)
You miscast Dazzling Spray.
You are very lightly contaminated with residual magic.
You feel off-balance for a moment. You block Grinder's attack.
Casting: Dazzling Spray
Confirm with . or Enter, or press ? or * to list all spells.
Aiming: Dazzling Spray
Press: ? - help, Shift-Dir - straight line, f/p - Grinder
Aim: Grinder (moderately wounded)
The spray of energy misses Grinder.
Grinder hits you!
You die...

##### ## # ...# .#
#.####'########
.#########...<.5@......##
..........................
.......###.............#..
.......# #.#..#'###.......
.......# #.#..#.# ...$...
.......# #.#..#.###.......
....).<# #................
.......# #................
.#.#######.............#..


You could see Grinder.

Vanquished Creatures
  2 adders
  An ooze (D:2)
  2 worms
  2 dart slugs
  A giant gecko (D:1)
  An orc (D:2)
  A ball python (D:3)
  2 giant cockroaches
  6 goblins
  7 hobgoblins
  3 quokkas
  3 bats (D:1)
  A giant newt (D:1)
  6 kobolds
  7 rats
45 creatures vanquished.

Notes
Turn   | Place    | Note
--------------------------------------------------------------
     0 | D:1      | Kidiri the Deep Elf Conjurer began the quest for the Orb.
     0 | D:1      | Reached XP level 1. HP: 10/10 MP: 6/6
   380 | D:1      | Reached XP level 2. HP: 13/15 MP: 4/8
   386 | D:1      | Learned a level 2 spell: Searing Ray
  1002 | D:2      | Reached XP level 3. HP: 19/19 MP: 5/9
  1007 | D:2      | Learned a level 3 spell: Dazzling Spray
  2260 | D:3      | Found a sparkling altar of Nemelex Xobeh.
  2292 | D:3      | Reached XP level 4. HP: 24/24 MP: 8/11
  2303 | D:3      | Learned a level 4 spell: Iskenderun's Mystic Blast
  2316 | D:3      | Found a deep blue altar of Sif Muna.
  2319 | D:3      | Found an oddly glowing altar of Pakellas.
  2319 | D:3      | Found a bloodstained altar of Trog.
  2319 | D:3      | Found a snail-covered altar of Cheibriados.
  2434 | D:3      | Found a burning altar of Makhleb.
  2442 | D:3      | Found a glowing silver altar of Zin.
  2443 | D:3      | Noticed a green death
  2443 | D:3      | Noticed an angel
  2584 | D:3      | Noticed Grinder
  2617 | D:3      | Paralysed by Grinder for 5 turns
  2621 | D:3      | HP: 1/24 [Grinder (1)]
  2862 | D:3      | Slain by Grinder

Vault maps used:
D:1:      mrwooster_arrival_statue_3
D:3:      grunt_temple_overflow_order_and_chaos_2,
          nicolae_overflow_hidden_temple, grunt_temple_overflow_open,
          first_bread, uniq_grinder

Skill      XL: |  1  2 |
---------------+-------+-----
Dodging        | 3 |  3.3
Fighting       | |  0.7
Short Blades   | |  0.6
Staves         | |  0.6
Armour         | |  0.7
Stealth        | |  2.7
Shields        | |  0.1
Spellcasting   | |  3.5
Conjurations   | |  4.7
Hexes          | |  0.3
Evocations     | |  0.7

Action                   |  1- 3 |  4- 6 || total
-------------------------+-------+-------++-------
Melee: Staff             |     1 |       ||     1
       Dagger            |       |     6 ||     6
 Cast: Magic Dart        |    84 |    16 ||   100
       Dazzling Spray    |       |     2 ||     2
       Searing Ray       |       |     1 ||     1
  Use: Scroll            |     6 |       ||     6
       Potion            |       |     1 ||     1
  Eat: Chunk             |     4 |     2 ||     6
